 Dungeon Crawl Stone Soup version 0.31-a0-833-gc15d34cb79 (webtiles) character file.

Game seed: 255758565733259815

151 LeprechaunX the Changeling (level 5, -2/34 HPs)
             Began as an Octopode Shapeshifter on Sept 25, 2023.
             Was an Initiate of Ru.
             Slain by Grinder (4 damage)
             ... while paralysed by Grinder
             ... on level 4 of the Dungeon.
             The game lasted 00:03:18 (1917 turns).

LeprechaunX the Changeling (Octopode Shapeshifter)  Turns: 1917, Time: 00:03:18

Health: -2/34      AC:  1    Str: 15    XL:     5   Next: 33%
Magic:  5/5        EV:  2    Int: 13    God:    Ru [......]
Gold:   228        SH:  0    Dex: 11    Spells: 4/4 levels left

rFire   . . .        g - +2 dagger (speed)
rCold   . . .        (no shield)
rNeg    . . .        (helmet currently unavailable)
rPois   .            (no amulet)
rElec   .            (no ring)
rCorr   .            (no ring)
SInv    .            (no ring)
Will    .....        (no ring)
Stlth   ++           (no ring)
HPRegen 0.25/turn    (no ring)
MPRegen 0.09/turn    (no ring)
                     (no ring)

%: no passive effects
@: paralysed, beast-form
A: beast (slay +2), almost no armour, amphibious, 8 rings, camouflage 1,
gelatinous body 1, (nimble swimmer 1), tentacles
a: Begin Untransformation, Renounce Religion


You were on level 4 of the Dungeon.
You worshipped Ru.
Ru was noncommittal.
You were a hulking beast.
You visited 1 branch of the dungeon, and saw 4 of its levels.

You collected 228 gold pieces.

Inventory:

Hand Weapons
 g - a +2 dagger of speed (weapon)
Missiles
 d - 3 javelins
 n - 5 curare-tipped darts
Talismans
 b - a beast talisman (active)
 c - a flux talisman
Scrolls
 e - a scroll of amnesia {unknown}
 i - a scroll of silence {unknown}
 j - a scroll of brand weapon {unknown}
 k - 6 scrolls of teleportation {unknown}
 l - 2 scrolls of identify {unknown}
 p - a scroll of revelation {unknown}
Potions
 a - 2 potions of lignification
 f - a potion of mutation {unknown}
 h - a potion of resistance {unknown}
 m - a potion of heal wounds {unknown}
 o - a potion of curing {unknown}


   Skills:
 + Level 2.3 Fighting
 + Level 2.9 Dodging
 + Level 3.7 Unarmed Combat
 * Level 4.1 Shapeshifting


You had 4 spell levels left.
You didn't know any spells.
Your spell library contained the following spells:

 Spells                   Type           Power      Damage    Failure   Level
 Apportation              Tloc           0%         N/A       30%         1
 Cigotuvi's Dreadful Rot  Necr/Pois/Air  0%         N/A       43%         2
 Jinxbite                 Hex            0%         N/A       43%         2
 Sublimation of Blood     Necr           0%         N/A       43%         2
 Wereblood                Tmut           0%         N/A       43%         2
 Ignite Poison            Fire/Tmut/Pois 0%         N/A       67%         3
 Alistair's Intoxication  Tmut/Pois      0%         N/A       100%        5
 Freezing Cloud           Conj/Ice/Air   0%         6-21      100%        5
 Summon Hydra             Summ           0%         N/A       100%        7


Dungeon Overview and Level Annotations

Branches:
Dungeon (4/15)
 Temple: D:4-7

Altars:
Ru

Shops:
D:1 =   D:2 *

Annotations:
D:4 Grinder


Innate Abilities, Weirdness & Mutations

You are a hulking beast.
Your limbs bulge with bestial killing power. (Slay +2)
You cannot wear most types of armour.
You are amphibious.
You can wear up to eight rings at the same time.
Your skin changes colour to match your surroundings (Stealth+).
Your rubbery body absorbs attacks. (AC +1, EV +1)
((You are camouflaged when in or above water. (Stealth+)))
You have tentacles for arms and can constrict up to eight enemies at once.


Message History

No target in view!
No target in view!
No target in view!
No target in view!
No target in view!
You see here a dart slug corpse.
k - 6 scrolls labelled NAXKYCVEERGH (gained 3) Grinder comes into view.
Grinder is nearby!
Grinder is nearby!
Grinder is nearby!
Grinder shouts!
Grinder blinks!
A kobold comes into view. It is wielding a +0 short sword.
Grinder gestures at you.
You suddenly lose the ability to move!
Grinder blinks!
You can move again.
You start waiting.
Grinder is nearby!
You start waiting.
Grinder is nearby!
You hit Grinder but do no damage. Your grab misses Grinder.
You squeeze Grinder, but do no damage. Grinder hits you.
You writhe in agony.
You hit Grinder. Your grab misses Grinder. You squeeze Grinder.
Grinder is lightly wounded.
Grinder gestures at you.
You suddenly lose the ability to move!
Grinder hits you.
You writhe in agony.
Grinder gestures at you. Pain shoots through your body! Grinder hits you.
You writhe in agony.
* * * LOW HITPOINT WARNING * * *
Grinder hits you.
* * * LOW HITPOINT WARNING * * *
Grinder hits you.
* * * LOW HITPOINT WARNING * * *
You writhe in agony.
You die...
Grinder says, "Now the real fun starts!"

...........#+####
######..........#
..............+
..###.####.....#
#.####.....###. #
#................
#...........##..#
#.....5.###.....#
#.....h####.....#
+...............#
#.#############.#
#. #


You could see Grinder.

Vanquished Creatures
  An iguana (D:4)
  4 adders
  3 dart slugs
  12 orcs
  6 endoplasms
  2 giant cockroaches (D:3)
  5 hobgoblins
  2 jackals (D:2)
  6 quokkas
  9 ball pythons
  5 bats
  4 frilled lizards (D:1)
  4 goblins (D:1)
  3 kobolds
  3 rats
69 creatures vanquished.

Notes
Turn   | Place    | Note
-------+----------+-------------------------------------------
     0 | D:1      | LeprechaunX the Octopode Shapeshifter began the quest for
                  | the Orb.
     0 | D:1      | Reached XP level 1. HP: 13/13 MP: 1/1
    77 | D:1      | Reached XP level 2. HP: 17/18 MP: 2/2
    84 | D:1      | Found a faded altar of an unknown god.
   135 | D:1      | You fall into a shaft and drop 1 floor!
   383 | D:1      | Reached XP level 3. HP: 22/23 MP: 3/3
   467 | D:1      | Found Laonoehi's Jewellery Shop.
   626 | D:2      | Found Lorig's General Store.
   682 | D:2      | Reached XP level 4. HP: 29/29 MP: 4/4
   683 | D:2      | Identified the +2 dagger of Qiet {holy, *Rage Dex+6 Stlth+}
  1518 | D:3      | Reached skill level 4 in Shapeshifting
  1518 | D:3      | Reached XP level 5. HP: 30/34 MP: 5/5
  1539 | D:3      | Found a sacrificial altar of Ru.
  1589 | D:3      | Became a worshipper of Ru the Awakened
  1894 | D:4      | Noticed Grinder
  1897 | D:4      | Paralysed by Grinder for 3 turns
  1912 | D:4      | Paralysed by Grinder for 5 turns
  1917 | D:4      | Slain by Grinder

Illustrated notes

Levels and vault maps discovered:
D:1:      orjb1_lava_funnel, layout_rooms, serial_shops, shop_statue,
          hellmonk_ecumenical_altar_run_dry, grunt_decor_clamped
D:2:      layout_rooms, serial_shops, nicolae_square_shop,
          minmay_misc_feat_diagonals, grunt_decor_resistance,
          minmay_misc_feat_ornament
D:3:      layout_basic, overflow_temple_1_default
D:4:      layout_basic, serial_shops, nicolae_shop_drivethru, uniq_grinder

Skill      XL: |  1  2  3  4 |
---------------+-------------+-----
Fighting       | 2 |  2.3
Shapeshifting  | 4 |  4.1
Dodging        | |  2.9
Unarmed Combat | |  3.7

Action                     |  1- 3 |  4- 6 || total
---------------------------+-------+-------++-------
  Melee: Unarmed           |    39 |       ||    39
         Constrict         |    22 |    13 ||    35
         Tentacles         |    16 |    18 ||    34
         Punch             |     2 |     1 ||     3
         Dagger            |    27 |    59 ||    86
   Stab: Sleeping          |     5 |     8 ||    13
 Armour: Skin              |    17 |    17 ||    34
  Dodge: Dodged            |    36 |    23 ||    59

Table legend: (Time is in decaauts)
 A = Elapsed time spent in this place.
 B = Non-inter-level travel time spent in this place.
 C = Inter-level travel time spent in this place.
 D = Time resting spent in this place.
 E = Time spent auto-exploring this place.
 F = Levels seen in this place.
 G = Mean time per level.
                   A        B        C        D        E       F      G
               +--------+--------+--------+--------+--------+-----+--------+
         Total |   1885 |   1750 |    135 |      6 |   1364 |   4 |  471.2 |
       Dungeon |   1885 |   1750 |    135 |      6 |   1364 |   4 |  471.2 |
               +--------+--------+--------+--------+--------+-----+--------+

Top non-repeatable levels by time:
     D:3: 657 daAuts
     D:2: 535 daAuts
     D:1: 527 daAuts
     D:4: 163 daAuts
